Map: Меха-депо РВ

Players

Murena

  • Race: Terran Terran
  • Spawn Location: 7:00

ИИ 1 (эксперт) - Winner!

  • Race: Zerg Zerg
  • Spawn Location: 1:00

VOD

Have the link to the VOD?

Description

Time

  • Played on: Feb. 20, 2019, 11:19 a.m.
  • Length: 13:14
Show
View Real Time Build Order
Export as new Build Order

Murena Terran 

Build Orders: Command Center First (CC) 

Get SALT Encoding   

  12  0:00  SCV  
  13  0:13  SCV  
  14  0:18  Supply Depot  
  14  0:26  SCV  
  15  0:55  Command Center  
  15  1:07  Barracks  
  15  1:10  SCV  
  16  1:21  Refinery  
  16  1:22  SCV  
  17  1:34  Barracks  
  17  1:36  SCV  
  18  1:49  SCV  
  18  1:54  Marine  
  20  2:02  SCV  
  20  2:07  Orbital Command  
  21  2:12  Barracks Reactor  
  21  2:15  SCV  
  22  2:22  Marine  
  23  2:26  Refinery  
  23  2:27  SCV  
  24  2:32  SCV  
  25  2:40  Barracks Reactor  
  25  2:41  Orbital Command  
  25  2:49  Marine x2  
  27  2:54  SCV  
  27  2:55  Bunker  
  28  3:07  SCV, Factory  
  28  3:08  SCV  
  30  3:14  Marine x2  
  30  3:18  Supply Depot, Marine  
  33  3:21  SCV  
  33  3:23  SCV  
  33  3:25  Marine  
  36  3:32  Marine x2  
  38  3:39  Engineering Bay  
  38  3:40  SCV  
  38  3:41  Marine  
  40  3:43  SCV  
  41  3:49  Marine  
  41  3:53  Supply Depot, Marine, Factory Reactor  
  41  3:54  Marine  
  44  3:55  SCV  
  44  4:01  Marine  
  46  4:06  Factory  
  46  4:07  Terran Infantry Weapons Level 1  
  46  4:15  SCV  
  46  4:16  SCV, Refinery  
  48  4:17  Refinery  
  48  4:19  Marine  
  49  4:29  SCV  
  49  4:30  Supply Depot, Hellion  
  52  4:32  Hellion  
  52  4:38  Supply Depot  
  54  4:44  Engineering Bay  
  54  4:45  Missile Turret  
  54  4:51  Factory Reactor  
  54  4:53  SCV x2  
  54  4:54  Hellion  
  54  4:57  Hellion  
  60  5:03  Missile Turret  
  60  5:06  SCV x2  
  62  5:09  Reaper  
  62  5:11  Terran Infantry Armor Level 1  
  62  5:13  Marine  
  64  5:17  Hellion  
  64  5:19  Hellion  
  68  5:23  Supply Depot  
  68  5:24  SCV  
  68  5:25  SCV  
  70  5:45  SCV x2  
  70  5:46  Hellion  
  70  5:47  Hellion x2  
  78  5:51  Command Center  
  78  5:56  Supply Depot  
  78  6:02  Armory  
  78  6:06  Supply Depot  
  78  6:19  Hellion  
  78  6:20  Hellion x2  
  78  6:21  Hellion  
  78  6:24  Supply Depot  
  86  6:29  SCV  
  86  6:30  SCV  
  86  6:32  Reaper x2  
  90  6:33  Reaper  
  90  6:34  Reaper  
  92  6:43  SCV x2  
  94  6:48  Supply Depot, Hellion x2  
  94  6:49  Hellion  
  94  6:52  Hellion  
  102  6:59  Factory  
  102  7:06  Barracks, Terran Infantry Weapons Level 2  
  102  7:08  SCV  
  102  7:09  SCV  
  102  7:12  Missile Turret  
  104  7:18  Planetary Fortress  
  104  7:27  Refinery  
  104  7:28  Bunker  
  104  7:31  Hellion x3  
  104  7:34  Hellion  
  104  7:36  SCV  
  112  7:37  SCV  
  112  7:40  Marine x2  
  112  7:42  Marine  
  112  7:43  Factory Tech Lab  
  116  7:45  Marine  
  116  7:49  SCV  
  116  7:50  SCV  
  119  7:53  Barracks Tech Lab  
  119  8:01  SCV  
  119  8:02  SCV  
  119  8:04  SCV  
  122  8:06  Siege Tank  
  122  8:07  Infernal Pre-Igniter  
  122  8:10  Command Center  
  125  8:16  Combat Shield  
  125  8:18  Supply Depot  
  125  8:22  Starport  
  125  8:24  Starport  
  125  8:25  Terran Infantry Armor Level 2  
  125  8:33  Supply Depot  
  125  8:35  Supply Depot  
  125  8:38  Terran Vehicle Weapons Level 1  
  125  8:42  Armory  
  125  8:44  SCV x3  
  125  8:48  Refinery  
  128  8:49  Marauder  
  128  8:51  Siege Tank  
  133  8:57  SCV x2  
  133  8:58  Supply Depot, SCV  
  133  9:00  Hellion x2  
  133  9:01  Starport Reactor  
  140  9:04  Starport Tech Lab  
  140  9:09  Supply Depot  
  140  9:10  SCV  
  140  9:11  SCV  
  140  9:12  SCV  
  140  9:16  Marauder  
  145  9:20  Hellion  
  145  9:23  Banshee  
  150  9:25  Cloaking Field  
  150  9:28  SCV  
  150  9:29  SCV  
  150  9:30  Marine  
  153  9:32  Marine  
  153  9:33  Marine  
  153  9:35  SCV  
  153  9:36  SCV  
  153  9:38  Medivac x2  
  159  9:43  SCV x2  
  163  9:46  Missile Turret  
  163  9:51  SCV x2  
  165  9:55  Hellion  
  165  9:56  Hellion  
  165  9:58  SCV  
  170  10:00  Refinery  
  170  10:01  Refinery  
  170  10:04  Orbital Command  
  170  10:07  SCV  
  171  10:09  Medivac x2  
  171  10:11  Raven  
  171  10:13  SCV  
  179  10:14  SCV  
  179  10:20  Terran Infantry Weapons Level 3  
  179  10:43  Terran Vehicle And Ship Armor Level 1  
  179  10:46  Command Center  
  103  11:34  Unknown  
  103  11:36  Unknown x2  
Show
View Real Time Build Order
Export as new Build Order

ИИ 1 (эксперт) Zerg - Winner!

Build Orders: Pool First 

Get SALT Encoding   

  12  0:00  Drone  
  13  0:12  Overlord  
  13  0:16  Drone  
  14  0:30  Drone x2  
  16  0:43  Spawning Pool  
  16  0:45  Drone  
  16  0:50  Drone  
  17  1:14  Hatchery  
  17  1:15  Drone  
  17  1:18  Extractor  
  17  1:20  Drone  
  17  1:24  Drone  
  18  1:28  Drone  
  19  1:38  Overlord  
  19  1:49  Drone  
  19  1:50  Queen  
  22  2:00  Zergling x2  
  23  2:10  Drone  
  24  2:21  Drone  
  25  2:26  Queen, Roach Warren  
  25  2:29  Drone  
  27  2:35  Extractor  
  26  2:39  Drone  
  27  2:45  Overlord  
  27  2:49  Drone  
  29  2:51  Drone  
  29  2:55  Drone  
  29  2:57  Drone  
  31  3:01  Drone  
  31  3:05  Zergling x2  
  33  3:08  Zergling x2  
  34  3:13  Roach  
  34  3:17  Roach  
  38  3:21  Roach  
  38  3:25  Roach  
  42  3:28  Drone  
  42  3:30  Drone  
  44  3:35  Overlord  
  44  3:43  Lair  
  44  3:47  Metabolic Boost  
  44  3:54  Drone x2  
  46  3:56  Drone  
  46  3:59  Drone  
  46  4:01  Drone  
  49  4:03  Drone  
  49  4:06  Drone  
  51  4:10  Overlord  
  51  4:12  Drone  
  52  4:17  Drone, Evolution Chamber  
  52  4:23  Drone, Evolution Chamber  
  52  4:28  Drone x2  
  54  4:32  Drone  
  54  4:33  Drone  
  54  4:36  Drone  
  54  4:37  Drone  
  58  4:44  Drone, Zerg Missile Weapons Level 1, Infestation Pit  
  58  4:49  Zerg Ground Armor Level 1  
  58  4:51  Overlord  
  58  4:54  Overlord  
  58  4:56  Drone  
  58  4:58  Zergling x2  
  60  5:09  Drone x3  
  60  5:10  Drone  
  60  5:11  Hydralisk Den  
  60  5:12  Drone  
  64  5:19  Drone, Overlord, Extractor  
  64  5:22  Infestor  
  64  5:24  Roach  
  64  5:28  Roach  
  70  5:29  Drone, Extractor  
  70  5:33  Roach  
  72  5:37  Roach  
  72  5:38  Overlord  
  72  5:41  Drone x2, Hydralisk  
  72  5:42  Drone  
  79  5:45  Hydralisk  
  81  5:52  Drone, Hydralisk  
  81  5:57  Drone  
  85  6:03  Hydralisk, Overlord  
  87  6:11  Infestor  
  87  6:18  Ravager  
  90  6:21  Spine Crawler, Overlord, Hatchery, Roach  
  90  6:28  Ravager  
  90  6:30  Roach  
  93  6:33  Hydralisk  
  93  6:38  Hydralisk  
  97  6:40  Overlord  
  97  6:42  Hydralisk  
  99  6:48  Hydralisk  
  101  7:01  Infestor  
  101  7:02  Spine Crawler, Overlord  
  101  7:04  Drone  
  103  7:10  Overseer  
  103  7:20  Infestor  
  105  7:23  Roach  
  107  7:33  Drone x2, Queen  
  107  7:34  Drone x5, Overlord  
  107  7:35  Drone x4  
  119  7:37  Zerg Missile Weapons Level 2  
  119  7:43  Drone x4  
  119  7:44  Drone  
  124  7:47  Drone x2  
  124  7:48  Drone x2  
  124  7:50  Extractor  
  127  7:51  Extractor  
  127  7:54  Overlord  
  127  7:56  Drone  
  127  7:58  Zerg Ground Armor Level 2  
  127  8:05  Spore Crawler  
  127  8:07  Drone  
  127  8:09  Spore Crawler  
  127  8:10  Drone  
  127  8:13  Drone x2, Pathogen Glands  
  127  8:15  Drone x2, Overlord  
  127  8:16  Drone  
  132  8:28  Spine Crawler  
  132  8:29  Drone  
  132  8:43  Hatchery  
  132  8:44  Roach  
  132  8:45  Roach  
  132  8:47  Overlord, Roach  
  137  8:49  Hydralisk  
  137  8:52  Hydralisk  
  141  8:58  Spine Crawler  
  141  9:00  Spore Crawler  
  139  9:03  Spore Crawler  
  139  9:04  Queen  
  140  9:13  Neural Parasite  
  140  9:16  Zergling x2, Lurker Den  
  140  9:17  Zergling x2  
  140  9:18  Zergling x2, Overlord  
  140  9:20  Evolution Chamber  
  140  9:21  Drone  
  142  9:25  Zergling x2  
  142  9:26  Zergling x2  
  144  9:34  Overseer  
  144  9:36  Spine Crawler  
  144  9:37  Zergling x2, Drone, Roach  
  145  9:39  Zergling x2, Baneling Nest  
  145  9:41  Drone  
  145  9:43  Roach  
  145  9:44  Spine Crawler  
  145  9:45  Drone, Overseer  
  148  9:46  Spine Crawler, Drone, Zerg Melee Weapons Level 1  
  148  9:47  Spine Crawler  
  148  9:48  Drone  
  148  9:56  Drone x2  
  148  9:57  Drone x3  
  153  10:08  Hatchery, Extractor  
  153  10:09  Drone x2  
  153  10:14  Extractor  
  152  10:15  Drone  
  153  10:23  Baneling x4  
  153  10:24  Zergling x4, Baneling x6, Overlord  
  153  10:25  Zergling x4, Baneling x4, Centrifical Hooks, Spore Crawler, Drone  
  153  10:26  Zergling x2, Baneling x2  
  158  10:31  Spore Crawler  
  158  10:32  Drone  
  158  10:36  Spine Crawler, Drone  
  158  10:39  Drone, Spore Crawler  
  158  10:43  Zergling x2, Baneling x2  
  158  10:44  Zergling x2, Baneling x2  
  160  10:52  Lurker, Pneumatized Carapace  
  160  10:53  Hydralisk  
  160  10:54  Overlord  
  163  10:59  Tunneling Claws, Roach  
  163  11:00  Zergling x6  
  163  11:01  Zergling x2  
  163  11:02  Spire  
  163  11:03  Drone, Roach  
  160  11:05  Zergling x2  
  160  11:06  Zergling x2  
  160  11:07  Roach  
  160  11:08  Zergling x2  
  160  11:10  Zergling x2  
  160  11:11  Zergling x2  
  125  11:12  Roach  
  125  11:13  Roach  
  125  11:15  Roach  
  125  11:16  Hydralisk  
  111  11:19  Hydralisk  
  111  11:23  Hydralisk  
  111  11:26  Baneling x4  
  111  11:29  Ravager  
  111  11:31  Infestor  
  111  11:32  Zergling x2  
  112  11:33  Roach  
  112  11:35  Roach  
  112  11:36  Hive  
  102  11:49  Drone  
  102  11:53  Drone  
  93  11:54  Drone  
  93  11:56  Drone, Infestor, Roach  
  92  12:06  Zergling x2  
  81  12:09  Zergling x2  
  81  12:12  Hydralisk, Roach  
  72  12:18  Roach  
  69  12:23  Roach  
  69  12:25  Roach x2  
  69  12:29  Hydralisk  
  71  12:33  Drone x2, Roach  
  65  12:45  Zergling x2  
  65  12:47  Zergling x2  
  65  12:51  Roach  
Tags
 
Add a new tag
Caveats
  • Supply blocks, unpowered buildings, or Contaminate may cause inaccurate times.
  • Supply counts are checked every 10 seconds.